 Dungeon Crawl Stone Soup version 0.18-a0-1577-gf591c28 (webtiles) character file.

1218 namelastname112 the Slasher (level 8, 0/70 HPs)
             Began as a Green Draconian Chaos Knight on Mar 19, 2016.
             Slain by an ogre
             ... wielding a +0 giant spiked club
              (32 damage)
             ... on level 6 of the Dungeon.
             The game lasted 00:09:08 (5935 turns).

namelastname112 the Slasher (DrCK)                  Turns: 5935, Time: 00:09:09

Health: 0/70       AC:  7    Str: 15    XL:     8   Next: 22%
Magic:  8/8        EV: 14    Int: 16    God:    Xom [..*...]
Gold:   363        SH:  0    Dex: 13    Spells: 0 memorised, 7 levels left

rFire  . . .     SeeInvis .     a - +0 falchion (chaos)
rCold  . . .     Gourm    .     (armour unavailable)
rNeg   . . .     Faith    .     (no shield)
rPois  +         Spirit   .     (helmet restricted)
rElec  .         Dismiss  .     (no cloak)
rCorr  .         Reflect  .     (no gloves)
SustAt .         Harm     .     (no boots)
MR     .....                    (no amulet)
Stlth  +.........               v - +4 ring of intelligence
                                h - ring of flight

@: not resistant to hostile enchantments, very unstealthy
A: breathe noxious fumes, unfitting armour, sense surroundings 1, poison
resistance, screaming 2, shaggy fur 1, cold-blooded, MP-powered wands, AC +6
a: Breathe Noxious Fumes, Renounce Religion, Evoke Flight


You were on level 6 of the Dungeon.
You worshipped Xom.
You were a toy of Xom.
You were hungry.

You visited 1 branch of the dungeon, and saw 6 of its levels.

You collected 363 gold pieces.

Inventory:

Hand Weapons
 a - a +0 falchion of chaos (weapon)
Missiles
 u - a throwing net (quivered)
Armour
 w - a +0 shield
Jewellery
 h - a ring of flight (left hand)
 v - a +4 ring of intelligence (right hand)
Wands
 r - a wand of acid (11/15)
 t - a wand of disintegration (13/24)
 y - a wand of iceblast (6/15)
Scrolls
 c - a scroll of fog {unknown}
 d - 7 scrolls of identify {unknown}
 e - 2 scrolls of recharging {unknown}
 g - a scroll of magic mapping {unknown}
 i - 3 scrolls of blinking {unknown}
 l - 3 scrolls of remove curse {unknown}
 n - 3 scrolls of teleportation {unknown}
 p - a scroll of immolation {unknown}
 s - a scroll of noise {unknown}
 x - a scroll of enchant weapon {unknown}
Potions
 j - a potion of resistance {unknown}
 k - 2 potions of heal wounds {unknown}
 o - a potion of curing {unknown}
 q - a potion of might {unknown}
 A - a potion of brilliance {unknown}
Comestibles
 b - 4 bread rations
 f - a beef jerky
 m - 3 fruits
 z - a royal jelly


   Skills:
 + Level 6.1 Fighting
 * Level 7.3 Long Blades
 + Level 4.9 Dodging
 + Level 2.3 Shields


You had 7 spell levels left.
You didn't know any spells.

Dungeon Overview and Level Annotations

Branches:
Dungeon (6/15)             Temple (0/1) D:5

Altars:
Fedhas
Nemelex Xobeh
Xom
Yredelemnul


Innate Abilities, Weirdness & Mutations

You can breathe blasts of noxious fumes.
Your lurid green scales are hard (AC +6).
Your body does not fit into most forms of armour.
Your system is resistant to poisons.
You are cold-blooded and may be slowed by cold attacks.
You passively map a small area around you.
You sometimes yell uncontrollably at your foes.
You are covered in fur (AC +1).
You expend magic power (3 MP) to strengthen your wands.


Message History

You tail-slap the ogre, but do no damage.
The ogre is lightly wounded.
You hear a shout! x2
You slash the ogre! You burn the ogre.
The ogre is heavily wounded.
The ogre hits you with a giant spiked club!
You hit the ogre.
Your tail-slap misses the ogre.
The ogre is severely wounded.
The ogre closely misses you.
You barely miss the ogre.
The ogre is severely wounded.
You slash the ogre!
The ogre is almost dead.
The ogre hits you with a giant spiked club!
A gnoll comes into view. It is wielding a spear.
You yell at the gnoll!
You barely miss the ogre.
The ogre is almost dead.
The ogre hits you with a giant spiked club!!
You die...

, * *).. .. ,
, #.. .# , ..
.# * , * ..
.# * , *
#.#o# ,* ,
#.#h# ,
.##.##.#O#
.......@.# *
,
###g###..###*
#..#.. , .#
,, #..#.# **
.... , ##.#.#
...# . , ,
#>#.#### #..
.. , ##.....#
... .#* *
#.....#
#.#*.##### *,
#.....#


You could see an ogre, a hound, a gnoll and an orc.

Vanquished Creatures
  Sigmund (D:5)
  2 phantoms (D:5)
  2 ogres
  A scorpion (D:6)
  A howler monkey (D:5)
  A centaur zombie (D:5)
  2 hounds (D:4)
  An orc priest (D:4)
  6 orc wizards
  3 worker ants
  A hound skeleton (D:4)
  A hound zombie (D:5)
  9 adders
  4 gnolls
  A shadow imp (D:5)
  An ooze (D:3)
  4 worms
  A dart slug (D:1)
  4 giant geckos
  11 orcs
  13 giant cockroaches
  7 goblins
  8 hobgoblins
  2 jackals (D:2)
  6 kobolds
  2 quokkas
  2 ball pythons
  5 bats
  A giant gecko skeleton (D:4)
  4 giant newts
  8 rats
115 creatures vanquished.

Vanquished Creatures (collateral kills)
  A hobgoblin (D:2)
1 creature vanquished.

Grand Total: 116 creatures vanquished

Notes
Turn   | Place    | Note
--------------------------------------------------------------
     0 | D:1      | namelastname112 the Draconian Chaos Knight began the quest for the Orb.
     0 | D:1      | Reached XP level 1. HP: 19/19 MP: 1/1
   283 | D:1      | XOM: silly message
   384 | D:1      | Reached XP level 2. HP: 24/26 MP: 2/2
   789 | D:1      | XOM: give mutations
   789 | D:1      | Gained mutation: You possess an exceptional clarity of mind. [Xom's grace]
   789 | D:1      | Gained mutation: You are covered in fur (AC +1). [Xom's grace]
   902 | D:1      | Reached XP level 3. HP: 31/31 MP: 3/3
  1383 | D:2      | XOM: enchant monster (good)
  1384 | D:2      | XOM: confuse monster(s)
  1464 | D:1      | XOM: scenery: create altars
  1605 | D:1      | Reached skill level 4 in Long Blades
  1607 | D:1      | Reached XP level 4. HP: 25/40 MP: 4/4
  1840 | D:2      | XOM: divination: detect items
  1850 | D:2      | XOM: 2-stop teleportation journey
  2132 | D:2      | XOM: colour smoke trail
  2278 | D:3      | Found a blossoming altar of Fedhas.
  2304 | D:3      | XOM: give mutation
  2304 | D:3      | Lost mutation: You possess an exceptional clarity of mind. [Xom's mischief]
  2462 | D:3      | XOM: mild Erth miscast
  2484 | D:3      | Reached XP level 5. HP: 43/46 MP: 5/5
  2861 | D:3      | XOM: give mutations
  2861 | D:3      | Gained mutation: You expend magic power (3 MP) to strengthen your wands. [Xom's mischief]
  2861 | D:3      | Gained mutation: You occasionally shout uncontrollably at your foes. [Xom's mischief]
  2861 | D:3      | Gained mutation: You regenerate slowly when monsters are visible. [Xom's mischief]
  2861 | D:3      | Gained mutation: You sometimes yell uncontrollably at your foes. [Xom's mischief]
  2936 | D:3      | XOM: mild Air miscast
  3188 | D:4      | Found a sparkling altar of Nemelex Xobeh.
  3233 | D:4      | Found a basalt altar of Yredelemnul.
  3233 | D:4      | XOM: 1-stop teleportation journey
  3264 | D:4      | XOM: medium Divn miscast
  3393 | D:5      | Entered Level 5 of the Dungeon
  3393 | D:5      | Noticed a phantom
  3405 | D:5      | XOM: silly message
  3413 | D:5      | XOM: noise
  3526 | D:5      | XOM: blink monster(s)
  3529 | D:5      | XOM: summons 3 friendly demons
  3537 | D:5      | XOM: swap monsters
  3576 | D:5      | Killed a phantom
  3576 | D:5      | Reached skill level 5 in Long Blades
  3656 | D:5      | XOM: god gift: ivory wand {god gift}
  3757 | D:5      | Noticed an ogre
  3759 | D:5      | XOM: fake destruction
  3789 | D:5      | XOM: butterfly on damage
  3791 | D:5      | XOM: confuse monster(s)
  3821 | D:5      | XOM: confuse monster(s)
  3832 | D:5      | Killed an ogre
  3832 | D:5      | Reached XP level 6. HP: 18/55 MP: 6/6
  3839 | D:5      | Gained mutation: You passively map a small area around you. [potion of mutation]
  3839 | D:5      | Lost mutation: You regenerate slowly when monsters are visible. [potion of mutation]
  3856 | D:5      | XOM: vitrification
  3861 | D:5      | HP: 2/55 [poisoned by a worker ant]
  3869 | D:5      | HP: 2/55 [poisoned by a worker ant]
  4228 | D:5      | Reached skill level 5 in Fighting
  4430 | D:5      | XOM: confuse monster(s)
  4479 | D:5      | Found a staircase to the Ecumenical Temple.
  4524 | D:5      | Reached skill level 6 in Long Blades
  4524 | D:5      | Your scales start taking on a lurid green colour.
  4524 | D:5      | Reached XP level 7. HP: 55/61 MP: 7/7
  4524 | D:5      | Gained mutation: Your system is resistant to poisons. [Green Draconian growth]
  4732 | D:4      | XOM: potion effect (haste)
  4764 | D:4      | XOM: mild Ice miscast
  5017 | D:4      | XOM: divination: detect items
  5038 | D:4      | XOM: divination: detect items
  5154 | D:4      | XOM: harmless Tloc miscast
  5205 | D:4      | You fall through a shaft for 2 floors!
  5369 | D:5      | Noticed Sigmund
  5377 | D:5      | Killed Sigmund
  5377 | D:5      | Reached skill level 7 in Long Blades
  5377 | D:5      | Reached skill level 1 in Shields
  5458 | D:5      | Reached XP level 8. HP: 66/70 MP: 8/8
  5692 | D:5      | XOM: mild Necr miscast
  5935 | D:6      | Slain by an ogre

Vault maps used:
D:1:      shiori_angband_town, roderic_greek_sauvastika
D:3:      fedhas_altar_2
D:4:      nicolae_overflow_hidden_temple
D:5:      minmay_temple_entry_fiery, first_bread, uniq_sigmund
D:6:      dk_rats_in_the_wall

Skill      XL: |  1  2  3  4  5  6  7  8 |
---------------+-------------------------+-----
Long Blades    | 4 5 6 7 |  7.3
Fighting       | 4 5 6 |  6.1
Dodging        | 3 4 |  4.9
Shields        | 1 2 |  2.3

Action                   |  1- 3 |  4- 6 |  7- 9 || total
-------------------------+-------+-------+-------++-------
Melee: Falchion          |   104 |   265 |   140 ||   509
 Abil: Breathe Noxious F |       |       |     2 ||     2
  Use: Potion            |       |     1 |       ||     1
 Stab: Sleeping          |       |     4 |     2 ||     6
       Confused          |       |     1 |     2 ||     3
       Petrified         |       |     1 |       ||     1
       Paralysed         |       |       |     3 ||     3
  Eat: Chunk             |     2 |     7 |     6 ||    15
       Beef jerky        |       |     1 |       ||     1
